 Dungeon Crawl Stone Soup version 0.28-a0-1555-g9ae15a6949 (webtiles) character file.

Game seed: 2550084358970305191

181 croobank the Shield-Bearer (level 5, 0/43 HPs)
             Began as a Formicid Fighter on Jan 18, 2022.
             Slain by a steam dragon (4 damage)
             ... on level 4 of the Dungeon.
             The game lasted 00:10:39 (3370 turns).

croobank the Shield-Bearer (Formicid Fighter)       Turns: 3370, Time: 00:10:40

Health: 0/43       AC:  5    Str: 20    XL:     5   Next: 92%
Magic:  5/5        EV: 10    Int: 10    God:
Gold:   110        SH:  4    Dex: 10    Spells: 4/4 levels left

rFire   . . .      SeeInvis +   a - +1 war axe
rCold   . . .      Faith    .   c - +0 buckler
rNeg    . . .      Spirit   .   s - +0 ring mail
rPois   .          Reflect  .   (helmet unavailable)
rElec   .          Harm     .   (no cloak)
rCorr   +          Rampage  .   (no gloves)
Will    .....                   (no boots)
Stlth   ..........              (no amulet)
HPRegen 0.14/turn               j - ring of resist corrosion
MPRegen 0.09/turn               (no ring)

@: mighty
A: permanent stasis, dig shafts and tunnels, antennae 3, four strong arms
a: Dig, Shaft Self


You were on level 4 of the Dungeon.
You visited 1 branch of the dungeon, and saw 4 of its levels.

You collected 110 gold pieces.

Inventory:

Hand Weapons
 a - a +1 war axe (weapon)
 h - a +0 long sword
Missiles
 e - 64 arrows
 k - 42 bolts
 l - 50 stones
 o - 23 sling bullets
 t - 3 boomerangs
 u - 3 poisoned darts
 w - 6 javelins
Armour
 b - a +0 scale mail
 c - a +0 buckler (worn)
 s - a +0 ring mail (worn)
Jewellery
 j - a ring of resist corrosion (left hand)
Scrolls
 i - a scroll of teleportation
 m - a scroll of fog {unknown}
 x - a scroll of fear {unknown}
Potions
 f - a potion of mutation {unknown}
 g - a potion of flight {unknown}
 n - a potion of lignification {unknown}
 p - a potion of brilliance {unknown}
 q - 2 potions of heal wounds {unknown}
 r - 2 potions of curing
 v - a potion of magic {unknown}


   Skills:
 + Level 4.4 Fighting
 + Level 3.2 Axes
 + Level 4.2 Armour
 + Level 4.8 Shields


You had 4 spell levels left.
You didn't know any spells.
Your spell library contained the following spells:

 Spells                   Type           Power      Damage    Failure   Level
 Summon Lightning Spire   Summ/Air       0%         N/A       100%        4
 Storm Form               Tmut/Air       0%         N/A       100%        7
 Maxwell's Capacitive Co  Air            0%         ∞         100%        8


Dungeon Overview and Level Annotations

Branches:
Dungeon (4/15)
 Temple: D:4-7

Altars:


Innate Abilities, Weirdness & Mutations

You cannot be hasted, slowed, berserked, paralysed or teleported.
You can dig through walls and to a lower floor.
You have a pair of large antennae on your head. (SInv)
Your four strong arms can wield two-handed weapons with a shield.


Message History

q - 2 fuming cyan potions (gained 1)
You block the goblin's attack. The goblin closely misses you.
You hit the goblin.
The goblin is heavily wounded.
The goblin hits you but does no damage.
You slash the goblin!
You kill the goblin!
The orc throws a boomerang.
The boomerang closely misses you. The orc barely misses you.
You see here a +0 club.
You barely miss the orc. You block the orc's attack.
You hit the orc.
The orc is almost dead.
The orc barely misses you. The orc hits you with a +0 short sword.
You closely miss the orc.
The orc is almost dead.
The orc hits you with a +0 short sword.
You slash the orc!
You kill the orc!
Things that are here:
a +0 short sword; 3 boomerangs; an orc corpse
t - 3 boomerangs
x - a scroll labelled KOWYHE REURY
Things that are here:
a +0 short sword; an orc corpse You see here a +0 club.
A steam dragon comes into view.
The steam dragon hisses angrily.
The steam dragon breathes steam at you. The ball of steam hits you!!
You hear a shout!
You feel very mighty all of a sudden.
You are engulfed in a cloud of scalding steam.
You barely miss the steam dragon. The steam dragon bites you!
* * * LOW HITPOINT WARNING * * *
The steam dragon barely misses you. The steam dragon bites you.
* * * LOW HITPOINT WARNING * * *
The steam dragon claws you.
You die...

######### #.#.#..(#
.# ##.#D.#.{#{ #.#
#.#.@###..# #.####.
##..##.##..####.#...
#..##...##..#...#.###
#..))....##.........#
#..##...##{.#.#.....#
##..##.##..##........
#.#..###..#)#.#.....#
##.#..#..#.##.#.....#
#.#.#...#.#.#.#.#.###


You could see a steam dragon (catching breath).

Vanquished Creatures
  A centaur zombie (D:3)
  Robin (D:3)
  3 gnolls (D:2)
  2 adders
  An adder skeleton (D:4)
  3 dart slugs
  3 orcs (D:4)
  7 ball pythons
  8 bats
  6 endoplasms
  2 giant cockroaches
  8 hobgoblins
  5 jackals
  A quokka (D:2)
  12 frilled lizards
  13 goblins
  3 kobolds
  3 rats
82 creatures vanquished.

Vanquished Creatures (others)
  10 plants (D:3)
  3 withered plants (D:3)
13 creatures vanquished.

Grand Total: 95 creatures vanquished

Notes
Turn   | Place    | Note
-------+----------+-------------------------------------------
     0 | D:1      | croobank the Formicid Fighter began the quest for the Orb.
     0 | D:1      | Reached XP level 1. HP: 18/18 MP: 1/1
   153 | D:1      | Reached XP level 2. HP: 24/24 MP: 2/2
   478 | D:1      | Reached XP level 3. HP: 25/29 MP: 3/3
  1479 | D:2      | Reached XP level 4. HP: 34/37 MP: 4/4
  2027 | D:3      | Reached XP level 5. HP: 21/42 MP: 5/5
  2254 | D:3      | Found a faded altar of an unknown god.
  2364 | D:3      | Noticed Robin
  2399 | D:3      | Killed Robin
  3368 | D:4      | Noticed a steam dragon
  3370 | D:4      | Slain by a steam dragon

Illustrated notes

Levels and vault maps discovered:
D:1:      scummos_arrival_checkerplants, layout_rooms
D:2:      layout_loops_corners
D:3:      layout_rooms, ebering_ecumenical_altar_petrified, minmay_lizard_king,
          uniq_robin
D:4:      minmay_diamond_boxcup, layout_loops_ring

Skill      XL: |  1  2  3  4 |
---------------+-------------+-----
Shields        | 4 |  4.8
Fighting       | 4 |  4.4
Axes           | 3 |  3.2
Armour         | 4 |  4.2

Action                   |  1- 3 |  4- 6 || total
-------------------------+-------+-------++-------
Melee: War axe           |    97 |   139 ||   236
  Use: Scroll            |       |     5 ||     5
       Potion            |       |     1 ||     1
Armor: Scale mail        |    64 |    55 ||   119
       Ring mail         |       |    28 ||    28
Dodge: Dodged            |    63 |    71 ||   134
Block: Buckler           |    24 |    53 ||    77

Table legend: (Time is in decaauts)
 A = Elapsed time spent in this place.
 B = Non-inter-level travel time spent in this place.
 C = Inter-level travel time spent in this place.
 D = Time resting spent in this place.
 E = Time spent auto-exploring this place.
 F = Levels seen in this place.
 G = Mean time per level.
                   A        B        C        D        E       F      G
               +--------+--------+--------+--------+--------+-----+--------+
         Total |   3462 |   3407 |     55 |    541 |   2038 |   4 |  865.5 |
       Dungeon |   3462 |   3407 |     55 |    541 |   2038 |   4 |  865.5 |
               +--------+--------+--------+--------+--------+-----+--------+

Top non-repeatable levels by time:
     D:2: 1346 daAuts
     D:3: 1104 daAuts
     D:1: 711 daAuts
     D:4: 299 daAuts
